 Dungeon Crawl Stone Soup version 0.16-a0-305-g9782ec1 (webtiles) character file.

14888 Johnny the Nimble (level 12, -4/94 HPs)
             Began as a Human Berserker on Aug 29, 2014.
             Was an Elder of Trog.
             Engulfed by a cloud of freezing vapour (9 damage)
             ... in an ice cave on Aug 30, 2014.
             The game lasted 01:08:54 (16511 turns).

Johnny the Nimble (Human Berserker)                Turns: 16511, Time: 01:08:55

HP  -4/94        AC 19     Str 23      XL: 12   Next: 50%
MP  14/14        EV  7     Int  8      God: Trog [****..]
Gold 595         SH 12     Dex 16      Spells:  0 memorised, 11 levels left

rFire  . . .     SeeInvis .     a - -3 flail (curse)
rCold  . . .     Clarity  .     h - +3 plate armour
rNeg   + . .     rCorr    .     q - +0 shield
rPois  .         rRot     .     E - +0 helmet
rElec  .         Spirit   .     (no cloak)
SustAb .         Warding  .     B - +0 pair of gloves
rMut   .         Stasis   .     (no boots)
Gourm  .                        (no amulet)
MR     .....                    k - ring of positive energy
                                x - +4 ring of strength

@: not resistant to hostile enchantments, extremely unstealthy
A: no striking features
a: Burn Spellbooks, Berserk, Trog's Hand, Brothers in Arms, Renounce Religion


You were in an ice cave.
You worshipped Trog.
Trog was greatly pleased with you.
You were very hungry.

You visited 1 branch of the dungeon, and saw 12 of its levels.
You also visited: Ice Cave.

You collected 616 gold pieces.
You spent 21 gold pieces at shops.

Inventory:

Hand weapons
 a - a cursed -3 flail (weapon)
 c - a +0 long sword of slicing
 o - a +2 scimitar
 r - a +1 war axe
 F - a +2 great sword of slicing
 L - a +2 falchion of freezing
Missiles
 f - 7 javelins (quivered)
 J - 2 steel javelins
Armour
 h - a +3 plate armour (worn)
 q - a +0 shield (worn)
 B - a +0 pair of gloves (worn)
 C - a +0 fire dragon armour
 E - a +0 helmet (worn)
Magical devices
 d - a wand of slowing (7)
 m - a wand of invisibility (2)
 n - a wand of random effects (8)
 p - a wand of digging (7)
 u - a wand of disintegration (0)
 w - a wand of draining (5)
 z - a wand of digging (8)
 I - a wand of disintegration (6)
Scrolls
 e - 2 scrolls of recharging {unknown}
 g - a scroll of fog
 t - 3 scrolls of magic mapping
 A - a scroll of silence {unknown}
Jewellery
 k - a ring of positive energy (right hand)
 x - a +4 ring of strength (left hand)
 y - an uncursed ring of invisibility
Potions
 i - a potion of haste
 j - 2 potions of curing
 l - 3 potions of might
 s - 4 potions of cure mutation
 H - a potion of heal wounds {unknown}
Miscellaneous
 b - a box of beasts


   Skills:
 + Level 8.6 Fighting
   Level 4.3(5.9) Short Blades
 + Level 6.1(6.7) Long Blades
 + Level 5.5 Maces & Flails
 + Level 1.6 Throwing
 + Level 8.6 Armour
 + Level 9.5 Dodging
 + Level 3.0 Stealth
 + Level 8.2 Shields
 + Level 1.4 Evocations


You had 11 spell levels left.
You didn't know any spells.

Dungeon Overview and Level Annotations

Branches:
Dungeon (12/15)            Temple (0/1) D:6             Orc (0/4) D:9
   Lair (0/8) D:11

Altars:
Dithmenos
Fedhas
Makhleb
Qazlal
Sif Muna
Trog
Yredelemnul
The Shining One

Shops:
D:6 *   D:11 =

Annotations:
D:8 exclusion: oklob plant IceCv exclusion: 2 ice statues


Message History

Marking area around the ice statue as unsafe for travelling. x2 2 ice statues come into view.
The ice statue throws ice at you. The shard of ice hits you!
The ice statue throws cold at you. The freezing blast hits you!
The ice statue throws cold at you. The bolt of cold hits you!
* * * LOW HITPOINT WARNING * * *
You are engulfed in freezing vapours.
* * * LOW HITPOINT WARNING * * *
You start resting.
You feel yourself speed up.
All of the chunks of flesh in your inventory have rotted away.
You start resting.
You feel less exhausted.
You are engulfed in freezing vapours.
* * * LOW HITPOINT WARNING * * *
You are engulfed in freezing vapours.
You die...

... ##..## #....##
#.....## #### 8......#
##..###### ##......#
##....##.§## ###.......#
#.......§§§###§§.......##
#.∩.∩...§§§§#§@§........#
#.......##§§§§##........#
##....#####§§####.......#
##..## #### 8......##
#### ###.#.## ####


There were no monsters in sight!

Vanquished Creatures
  Urug (D:11)
  A hill giant (D:11)
  2 cyclopes (D:11)
  The ghost of xsansara the Basher, an experienced OgHu of Kikubaaqudgha (D:4)
  A centaur zombie (D:11)
  A spiny frog (D:11)
  Psyche (D:9)
  2 polar bears (D:10)
  3 trolls
  Prince Ribbit (D:6)
  A two-headed ogre (D:10)
  A wyvern (D:10)
  6 yaks
  4 hippogriffs
  3 deep elf magi
  A hill giant zombie (D:10)
  2 hungry ghosts
  Menkaure (D:4)
  A hill giant skeleton (D:9)
  7 orc warriors
  2 ice beasts
  3 sky beasts
  2 black bears
  2 yellow wasps
  5 phantoms
  10 ogres
  2 crocodiles
  6 centaurs
  Sigmund (D:5)
  10 giant frogs
  A cyclops zombie (D:10)
  8 scorpions
  3 killer bees (D:11)
  11 wights
  11 hounds
  2 goliath beetles
  An electric eel (D:9)
  3 crimson imps
  A two-headed ogre zombie (D:10)
  8 orc priests
  9 jellies
  A centaur skeleton (D:11)
  7 iguanas
  A quasit (D:8)
  11 worker ants
  Natasha (thrice) (D:6)
  12 orc wizards
  An ogre zombie (D:10)
  A hound zombie (D:9)
  2 mummies
  14 adders
  5 shadow imps
  4 white imps (IceCv)
  6 giant mites
  5 worms
  5 ufetubi (IceCv)
  2 iguana skeletons
  An adder skeleton (D:5)
  An orc skeleton (D:7)
  6 giant geckos
  An ooze (D:5)
  62 orcs
  A bat zombie (D:7)
  10 giant cockroaches
  12 goblins
  18 hobgoblins
  6 quokkas
  2 ball pythons
  18 bats
  5 giant newts
  A giant newt zombie (D:5)
  A giant spore (D:9)
  13 jackals
  15 kobolds
  A kobold skeleton (D:6)
  17 rats
  7 ballistomycetes
  A butterfly (D:6)
  3 toadstools (D:8)
424 creatures vanquished.

Vanquished Creatures (others)
  A wight (D:11)
  A hound (D:11)
  2 white imps (IceCv)
  2 ufetubi (IceCv)
  3 giant spores
  4 fungi (D:8)
  10 toadstools (D:8)
23 creatures vanquished.

Grand Total: 447 creatures vanquished

Notes
Turn   | Place    | Note
--------------------------------------------------------------
     0 | D:1      | Johnny, the Human Berserker, began the quest for the Orb.
     0 | D:1      | Reached XP level 1. HP: 18/18 MP: 1/1
   243 | D:1      | Reached XP level 2. HP: 17/24 MP: 2/2
   702 | D:1      | Acquired Trog's second power
  1056 | D:2      | Found a deep blue altar of Sif Muna.
  1059 | D:2      | Reached XP level 3. HP: 29/29 MP: 3/3
  1099 | D:2      | Reached XP level 4. HP: 31/35 MP: 4/4
  1303 | D:2      | Reached skill level 4 in Maces & Flails
  2162 | D:3      | Reached XP level 5. HP: 30/41 MP: 5/5
  3015 | D:4      | Noticed a sky beast
  3023 | D:4      | Killed a sky beast
  3023 | D:4      | Reached skill level 1 in Short Blades
  3023 | D:4      | Reached skill level 1 in Shields
  3023 | D:4      | Reached XP level 6. HP: 48/48 MP: 6/6
  3137 | D:4      | Found a stormy altar of Qazlal.
  3390 | D:4      | Noticed an ogre
  3391 | D:4      | Noticed a phantom
  3400 | D:4      | Killed an ogre
  3400 | D:4      | Reached XP level 7. HP: 54/54 MP: 7/7
  3670 | D:4      | Noticed Menkaure
  3679 | D:4      | Killed Menkaure
  3695 | D:4      | Noticed xsansara's ghost (experienced OgHu)
  3951 | D:4      | Reached skill level 5 in Dodging
  4001 | D:4      | Killed a phantom
  4001 | D:4      | Reached XP level 8. HP: 51/61 MP: 8/8
  4125 | D:4      | Killed xsansara's ghost
  4133 | D:4      | Reached skill level 5 in Fighting
  4572 | D:4      | Reached skill level 1 in Stealth
  4673 | D:5      | Entered Level 5 of the Dungeon
  5082 | D:5      | Reached XP level 9. HP: 57/68 MP: 9/9
  5205 | D:5      | Reached skill level 6 in Dodging
  5330 | D:5      | Noticed Sigmund
  5353 | D:5      | Killed Sigmund
  5585 | D:5      | Found a basalt altar of Yredelemnul.
  5589 | D:5      | Found a shadowy altar of Dithmenos.
  5590 | D:5      | Found a burning altar of Makhleb.
  5595 | D:5      | Found a glowing golden altar of the Shining One.
  5939 | D:6      | Noticed Natasha
  5949 | D:6      | Killed Natasha
  6077 | D:6      | Noticed Prince Ribbit
  6084 | D:6      | Killed Prince Ribbit
  6084 | D:6      | Acquired Trog's third power
  6084 | D:6      | Reached skill level 5 in Shields
  6192 | D:6      | Found a staircase to the Ecumenical Temple.
  6222 | D:6      | Noticed Natasha
  6226 | D:6      | Killed Natasha
  6235 | D:6      | Noticed Natasha
  6236 | D:6      | Killed Natasha
  6569 | D:6      | Found Sael's General Store.
  6580 | D:6      | Bought a cursed +0 pair of gloves for 21 gold pieces
  6700 | D:6      | Reached skill level 7 in Dodging
  6911 | D:6      | Reached skill level 1 in Throwing
  7264 | D:7      | Reached skill level 5 in Armour
  7264 | D:7      | Reached XP level 10. HP: 74/76 MP: 10/10
  7932 | D:8      | Found a blossoming altar of Fedhas.
  7932 | D:8      | Noticed an oklob plant
  7980 | D:8      | Upgraded the game from 0.16-a0-296-gbdb9f68 to 0.16-a0-305-g9782ec1
  8159 | D:8      | Reached skill level 1 in Long Blades
  8594 | D:8      | Received a gift from Trog
  9830 | D:8      | Reached skill level 8 in Dodging
 10685 | D:9      | Reached XP level 11. HP: 39/83 MP: 11/11
 10701 | D:9      | HP: 4/83 [orc warrior/glaive (18)]
 10779 | D:8      | Paralysed by a yellow wasp for 3 turns
 11506 | D:9      | Found a staircase to the Orcish Mines.
 11859 | D:9      | Reached skill level 9 in Dodging
 11919 | D:9      | Noticed Psyche
 11931 | D:9      | Killed Psyche
 12183 | D:9      | Received a gift from Trog
 12408 | D:10     | Entered Level 10 of the Dungeon
 13102 | D:10     | Reached skill level 5 in Long Blades
 14040 | D:10     | Found a bloodstained altar of Trog.
 14659 | D:11     | Found a staircase to the Lair.
 14689 | D:11     | Reached XP level 12. HP: 91/94 MP: 12/12
 14867 | D:11     | Noticed a cyclops
 14910 | D:11     | Noticed a cyclops
 14931 | D:11     | Killed a cyclops
 14943 | D:11     | Killed a cyclops
 15066 | D:11     | Noticed Urug
 15067 | D:11     | Found Ehu Romac's Jewellery Shop.
 15091 | D:11     | Killed Urug
 15091 | D:11     | Reached skill level 1 in Evocations
 15409 | D:11     | Reached skill level 5 in Maces & Flails
 16198 | D:12     | Found a frozen archway.
 16230 | IceCv    | Entered an ice cave
 16510 | IceCv    | HP: 4/94 [cloud of freezing vapour (18)]
 16511 | IceCv    | Engulfed by a cloud of freezing vapour

Action                   |  1- 3 |  4- 6 |  7- 9 | 10-12 || total
-------------------------+-------+-------+-------+-------++-------
Melee: Mace              |    85 |       |       |       ||    85
       Dagger            |     2 |   157 |    58 |       ||   217
       Short sword       |       |    29 |   500 |    71 ||   600
       Long sword        |       |       |       |   225 ||   225
       Eveningstar       |       |       |       |    55 ||    55
       Falchion          |       |       |       |    55 ||    55
       Great sword       |       |       |       |   383 ||   383
       War axe           |       |       |       |     4 ||     4
       Flail             |       |       |       |   352 ||   352
Throw: Javelin           |       |       |    13 |     9 ||    22
       Tomahawk          |       |       |       |     9 ||     9
Invok: Berserk           |     1 |     3 |     6 |    29 ||    39
       Trog's Hand       |       |       |     9 |    30 ||    39
       Burn Spellbooks   |       |       |       |     3 ||     3
Evoke: Wand              |       |       |     2 |    18 ||    20
  Use: Scroll            |       |       |    10 |     8 ||    18
       Potion            |       |       |     5 |     5 ||    10
 Stab: Sleeping          |       |       |     1 |       ||     1
       Fleeing           |       |       |       |     1 ||     1
       Invisible         |       |       |       |     4 ||     4
  Eat: Chunk             |     1 |     8 |     8 |    21 ||    38
       Fruit             |       |     2 |     2 |       ||     4
       Meat ration       |       |       |     1 |     4 ||     5
       Pizza             |       |       |     1 |       ||     1
       Bread ration      |       |       |     2 |     5 ||     7
